 Dungeon Crawl Stone Soup version 0.30-a0-365-ge7f957f1db (webtiles) character file.

Game seed: 10310128967287129447

109 tilp the Grave Robber (level 4, -2/33 HPs)
             Began as a Mummy Necromancer on Nov 17, 2022.
             Slain by a gnoll
             ... wielding a +1 flail of holy wrath
              (12 damage)
             ... on level 3 of the Dungeon.
             The game lasted 00:03:14 (2510 turns).

tilp the Grave Robber (Mummy Necromancer)           Turns: 2510, Time: 00:03:15

Health: -2/33      AC:  2    Str: 11    XL:     4   Next: 59%
Magic:  1/9        EV: 12    Int: 16    God:
Gold:   83         SH:  0    Dex: 12    Spells: 5/9 levels left

rFire   x . .      SeeInvis .    b - +0 mace
rCold   + . .      Faith    +    (no shield)
rNeg    + + +      Spirit   .    e - +0 robe
rPois   ∞          Reflect  .    (no helmet)
rElec   .          Harm     .    (no cloak)
rCorr   .          Rampage  .    (no gloves)
Will    .....                    (no boots)
Stlth   ++........               (no amulet)
HPRegen 0.25/turn                (no ring)
MPRegen 0.11/turn                (no ring)

@: no status effects
A: cold resistance 1, negative energy resistance 3, torment resistance 2, heat
vulnerability 1, in touch with death 1, no potions, faith
a: no special abilities


You were on level 3 of the Dungeon.
You visited 1 branch of the dungeon, and saw 3 of its levels.

You collected 83 gold pieces.

Inventory:

Hand Weapons
 a - a +0 dagger
 b - a +0 mace (weapon)
Missiles
 d - 16 stones (quivered)
Armour
 e - a +0 robe (worn)
Wands
 g - a wand of polymorph (1)
Scrolls
 c - 3 scrolls of identify
 f - a scroll of poison
 h - a scroll of fear


   Skills:
 * Level 2.1 Fighting
 - Level 2.0 Dodging
 + Level 2.1 Stealth
 + Level 3.4 Spellcasting
 * Level 4.7 Necromancy


You had 5 spell levels left.
You knew the following spells:

 Your Spells              Type           Power      Damage    Failure   Level
a - Necrotise             Necr           100%       1d9       2%          1
b - Vampiric Draining     Necr           26%        2d7       8%          3

Your spell library contained the following spells:

 Spells                   Type           Power      Damage    Failure   Level
 Scorch                   Fire           4%         2d5       26%         2
 Animate Dead             Necr           26%        N/A       26%         4
 Agony                    Necr           26%        N/A       56%         5
 Flame Wave               Conj/Fire      2%         2d4       87%         4
 Summon Cactus Giant      Summ           1%         N/A       100%        6


Dungeon Overview and Level Annotations

Branches:
Dungeon (3/15)

Altars:
Ashenzari


Innate Abilities, Weirdness & Mutations

You are immune to poison.
Your flesh is cold resistant. (rC+)
You are immune to negative energy. (rN+++)
You are immune to unholy pain and torment.
You are vulnerable to heat. (rF-)
You are in touch with the powers of death.
You do not drink.
You have a special connection with the divine. (Faith)


Message History

Press: ? - help, Shift-Dir - straight line, f/p - gnoll
Aim: a gnoll, wielding a +1 flail of holy wrath (lightly wounded, chance to affect: 88%)
You feel a surge of power!
The gnoll writhes in agony.
Unknown command.
Casting: Necrotise (safe; 2% risk of failure)
Confirm with . or Enter, or press ? or * to list all spells.
Aiming: Necrotise (safe; 2% risk of failure)
Press: ? - help, Shift-Dir - straight line, f/p - gnoll
Aim: a gnoll, wielding a +1 flail of holy wrath (moderately wounded, chance to affect: 88%)
You feel a surge of power!
The gnoll writhes in agony.
The gnoll misses you.
Unknown command.
Casting: Necrotise (safe; 2% risk of failure)
Confirm with . or Enter, or press ? or * to list all spells.
Aiming: Necrotise (safe; 2% risk of failure)
Press: ? - help, Shift-Dir - straight line, f/p - gnoll
Aim: a gnoll, wielding a +1 flail of holy wrath (moderately wounded, chance to affect: 88%)
You feel a surge of power!
The gnoll writhes in agony.
The gnoll hits you with a +1 flail of holy wrath.
You convulse.
Casting: Necrotise (safe; 2% risk of failure)
Confirm with . or Enter, or press ? or * to list all spells.
You don't have enough magic to cast this spell.
Unknown command.
Unknown command.
You closely miss the gnoll.
The gnoll is heavily wounded.
The gnoll barely misses you.
You hit the gnoll but do no damage.
The gnoll is heavily wounded.
The gnoll barely misses you.
The gnoll hits you with a +1 flail of holy wrath!
You convulse.
* * * LOW HITPOINT WARNING * * *
You hit the gnoll but do no damage.
The gnoll is heavily wounded.
The gnoll misses you.
You hit the gnoll but do no damage.
The gnoll is heavily wounded.
The gnoll hits you with a +1 flail of holy wrath!
You die...

...##...###
#.....#
##...##
##)## #)#
#.# ##'##
##..g##
##....@##
#.......#
#.........#
+.........+
#.........#
##.......##
##.....##
##...##
##+#


You could see a gnoll.

Vanquished Creatures
  2 gnolls (D:3)
  3 adders (D:2)
  3 adder skeletons (D:2)
  A worm (D:2)
  A dart slug (D:2)
  A bat skeleton (D:2)
  A bat zombie (D:2)
  5 endoplasms
  3 giant cockroaches (D:1)
  2 goblins (D:1)
  4 hobgoblins (D:1)
  A quokka (D:1)
  2 ball pythons
  A ball python skeleton (D:2)
  A ball python zombie (D:2)
  8 bats
  5 frilled lizards (D:1)
  3 kobolds
  3 rats
50 creatures vanquished.

Vanquished Creatures (collateral kills)
  A kobold (D:1)
  A ball python skeleton (D:2)
2 creatures vanquished.

Vanquished Creatures (others)
  5 withered plants (D:2)
5 creatures vanquished.

Grand Total: 57 creatures vanquished

Notes
Turn   | Place    | Note
-------+----------+-------------------------------------------
     0 | D:1      | tilp the Mummy Necromancer began the quest for the Orb.
     0 | D:1      | Reached XP level 1. HP: 13/13 MP: 4/4
   307 | D:1      | Reached XP level 2. HP: 20/20 MP: 2/5
   600 | D:1      | Found a faded altar of an unknown god.
   772 | D:1      | Reached skill level 1 in Fighting
   908 | D:1      | Gained mutation: You are in touch with the powers of death.
                  | [Mummy growth]
   908 | D:1      | Reached XP level 3. HP: 26/26 MP: 5/7
  1336 | D:2      | Learned a level 3 spell: Vampiric Draining
  1685 | D:2      | Found a broken altar of Ashenzari.
  1890 | D:2      | Reached XP level 4. HP: 32/32 MP: 6/8
  2510 | D:3      | Slain by a gnoll

Illustrated notes

Levels and vault maps discovered:
D:1:      elethiomel_arrival_quiet, layout_basic,
          hellmonk_ecumenical_altar_defaced_shrine
D:2:      layout_basic, basic_altar, serial_undead, serial_undead_d,
          serial_undead_f, serial_undead_e, serial_undead_e, serial_undead_b,
          serial_undead_f
D:3:      layout_loops_corners, chequers_serial_rivers_micro_b, uniq_ijyb,
          uniq_terence

Skill      XL: |  1  2  3  4 |
---------------+-------------+-----
Spellcasting   | 3 |  3.4
Fighting       | 1 2 |  2.1
Dodging        | 2 |  2.0
Stealth        | 2 |  2.1
Necromancy     | |  4.7

Action                   |  1- 3 |  4- 6 || total
-------------------------+-------+-------++-------
Melee: Dagger            |    87 |     9 ||    96
       Punch             |     1 |       ||     1
       Mace              |       |     7 ||     7
 Cast: Necrotise         |    65 |    18 ||    83
  Use: Scroll            |     3 |       ||     3
 Stab: Sleeping          |     1 |       ||     1
Armor: Robe              |    29 |     4 ||    33
Dodge: Dodged            |    60 |    17 ||    77

Table legend: (Time is in decaauts)
 A = Elapsed time spent in this place.
 B = Non-inter-level travel time spent in this place.
 C = Inter-level travel time spent in this place.
 D = Time resting spent in this place.
 E = Time spent auto-exploring this place.
 F = Levels seen in this place.
 G = Mean time per level.
                   A        B        C        D        E       F      G
               +--------+--------+--------+--------+--------+-----+--------+
         Total |   2510 |   2465 |     45 |     42 |   2040 |   3 |  836.7 |
       Dungeon |   2510 |   2465 |     45 |     42 |   2040 |   3 |  836.7 |
               +--------+--------+--------+--------+--------+-----+--------+

Top non-repeatable levels by time:
     D:2: 1263 daAuts
     D:1: 1201 daAuts
     D:3: 46 daAuts
